Map: Deathaura LE

Players

Neeb - Winner!

  • Race: Protoss Protoss
  • Spawn Location: 5:00

Creature

  • Race: Protoss Protoss
  • Spawn Location: 11:00

Event: DreamHack SC2 Masters 2020 Summer North America

VOD

Have the link to the VOD?

Description

Time

  • Played on: July 2, 2020, 3:38 p.m.
  • Length: 4:44

All games in this series

Show
View Real Time Build Order
Export as new Build Order

Neeb Protoss - Winner!

Build Orders: Phoenix Opening 

Get SALT Encoding   

  12  0:00  Probe  
  13  0:13  Probe  
  14  0:16  Pylon  
  14  0:24  Probe  
  15  0:32  Probe  
  15  0:37  Gateway  
  15  0:40  Probe  
  16  0:46  Assimilator  
  17  0:51  Probe  
  17  0:54  Assimilator  
  18  0:59  Probe  
  19  1:07  Gateway, Probe  
  19  1:17  Probe  
  21  1:25  Cybernetics Core  
  21  1:31  Probe  
  22  1:37  Pylon  
  22  1:43  Probe  
  23  1:55  Probe  
  24  2:02  Adept x2, Warp Gate  
  28  2:14  Pylon  
  28  2:19  Stargate  
  28  2:33  Stalker  
  28  2:35  Stalker  
  32  2:49  Shield Battery  
  33  3:02  Phoenix  
  33  3:05  Shield Battery  
  32  3:09  Shield Battery  
  32  3:12  Probe  
  35  3:20  Robotics Facility  
  35  3:23  Phoenix  
  35  3:29  Pylon  
  37  3:38  Probe  
  37  3:39  Pylon  
  38  3:56  Phoenix  
  38  3:59  Stalker  
  42  4:08  Zealot  
  44  4:12  Probe  
  47  4:29  Probe  
  46  4:35  Pylon  
Show
View Real Time Build Order
Export as new Build Order

Creature Protoss 

Build Orders:  

Get SALT Encoding   

  12  0:01  Probe  
  13  0:13  Probe  
  14  0:17  Pylon  
  14  0:25  Probe  
  15  0:33  Probe  
  15  0:35  Gateway  
  15  0:41  Probe  
  16  0:47  Assimilator  
  17  0:51  Probe  
  17  0:55  Assimilator  
  18  1:00  Probe  
  19  1:08  Gateway, Probe  
  19  1:17  Probe  
  20  1:23  Cybernetics Core  
  21  1:30  Probe  
  22  1:36  Pylon  
  22  1:42  Probe  
  22  1:46  Pylon  
  27  2:03  Robotics Facility  
  23  2:10  Stalker  
  23  2:13  Stalker  
  27  2:16  Warp Gate  
  27  2:25  Probe  
  28  2:41  Stalker  
  28  2:43  Stalker  
  32  2:45  Immortal  
  36  3:02  Pylon  
  36  3:15  Warp Prism  
  38  3:31  Shield Battery  
  36  3:56  Probe  
  35  4:12  Stalker x2  
  37  4:18  Probe  
  35  4:30  Probe  
  33  4:38  Pylon  
Tags
 
Add a new tag
Caveats
  • Supply blocks, unpowered buildings, or Contaminate may cause inaccurate times.
  • Supply counts are checked every 10 seconds.